 Dungeon Crawl Stone Soup version 0.30.1 (webtiles) character file.

Game seed: 4290415554988996120

9 javelincjr the Sneak (level 2, -3/24 HPs)
             Began as a Demonspawn Delver on July 3, 2023.
             Slain by a phantom (6 damage)
             ... on level 4 of the Dungeon.
             The game lasted 00:01:59 (225 turns).

javelincjr the Sneak (Demonspawn Delver)             Turns: 225, Time: 00:01:59

Health: -3/24      AC:  4    Str: 12    XL:     2   Next: 3%
Magic:  11/11      EV: 12    Int: 11    God:
Gold:   17         SH:  0    Dex: 14    Spells: 1/1 levels left

rFire   . . .        a - +0 spear
rCold   . . .        (no shield)
rNeg    . . .        b - +0 leather armour
rPois   .            (no helmet)
rElec   .            (no cloak)
rCorr   .            (no gloves)
SInv    .            (no boots)
Will    .....        (no amulet)
Stlth   +++          i - ring of magical power
HPRegen 0.24/turn    (no ring)
MPRegen 0.12/turn

%: no passive effects
@: no status effects
A: rugged brown scales 1
a: no special abilities


You were on level 4 of the Dungeon.
You visited 1 branch of the dungeon, and saw 2 of its levels.

You collected 17 gold pieces.

Inventory:

Hand Weapons
 a - a +0 spear (weapon)
Armour
 b - a +0 leather armour (worn)
Jewellery
 i - a ring of magical power (left hand)
Wands
 g - a wand of digging (3)
 j - a wand of flame (14)
Scrolls
 c - a scroll of fog
 d - a scroll of magic mapping
 e - a scroll of fear
 h - a scroll of immolation {unknown}
Potions
 f - a potion of haste


   Skills:
 + Level 3.1 Fighting
 + Level 2.0 Polearms
 + Level 2.0 Dodging
 + Level 4.6 Stealth


You had one spell level left.
You didn't know any spells.
Your spell library was empty.

Dungeon Overview and Level Annotations

Branches:
Dungeon (5/15)
 Temple: D:4-7

Altars:


Innate Abilities, Weirdness & Mutations

You are partially covered in rugged brown scales. (AC +1, +3% HP)


Message History

The phantom is moderately damaged.
The phantom closely misses you.
You hit the phantom.
The phantom is moderately damaged.
The phantom closely misses you.
You hit the phantom but do no damage. Your punch misses the phantom.
The phantom is moderately damaged.
The phantom hits you!
The phantom blinks!
You blink.
Found a flail.
You closely miss the phantom.
The phantom is moderately damaged.
The phantom hits you.
The phantom blinks!
You blink.
You hit the phantom but do no damage.
The phantom is moderately damaged.
The phantom hits you.
You are too injured to fight recklessly!
You are too injured to fight recklessly!
Unknown command.
You are too injured to fight recklessly!
You are too injured to fight recklessly!
The phantom attacks as you move away! The phantom hits you.
* * * LOW HITPOINT WARNING * * *
The phantom attacks as you move away! The phantom hits you.
* * * LOW HITPOINT WARNING * * *
An orc comes into view. It is wielding a +0 whip.
The orc shouts!
You hit the phantom but do no damage.
The phantom is moderately damaged.
An orc comes into view. It is wielding a +0 hand axe.
The phantom completely misses you.
An orc wizard comes into view. It is wielding a +0 dagger.
The orc wizard shouts!
The orc shouts!
You hit the phantom.
The phantom is heavily damaged.
A kobold comes into view. It is wielding a +0 short sword.
The phantom hits you.
* * * LOW HITPOINT WARNING * * *
You closely miss the phantom.
The phantom is heavily damaged.
The phantom hits you.
You die...

...... r..... ..
... ......# .. ...
.......## .# #..
........## .# ..#
#..###.....## .
#.>...# ...#...
...##..#.###)......
.......@W....#
...##......###
#..o.##..........
#..####...#####..
.o. ###... .o #####
.


You could see a phantom, an orc wizard and 2 orcs.

Vanquished Creatures
  A dart slug (D:5)
  3 orcs (D:5)
4 creatures vanquished.

Notes
Turn   | Place    | Note
-------+----------+-------------------------------------------
     0 | D:5      | javelincjr the Demonspawn Delver began the quest for the
                  | Orb.
     0 | D:5      | Reached XP level 1. HP: 18/18 MP: 1/1
     5 | D:5      | Noticed a black bear
    42 | D:5      | Noticed a centaur
    43 | D:5      | Noticed a sleepcap
   109 | D:5      | Gained mutation: You are partially covered in rugged brown
                  | scales. (AC +1, +3% HP) [demonic ancestry]
   109 | D:5      | Reached XP level 2. HP: 12/24 MP: 2/2
   206 | D:4      | Noticed a phantom
   225 | D:4      | Slain by a phantom

Illustrated notes

Levels and vault maps discovered:
D:4:      layout_rooms, nicolae_dithmenos_shadow_blocks, gammafunk_ghost_split,
          minmay_misc_feat_rows, uniq_duvessa
D:5:      layout_basic, minmay_temple_entry_statues_fountains, corner_web_ring,
          minmay_diced_spiral

Skill      XL: |  1 |
---------------+----+-----
Polearms       | 2 |  2.0
Dodging        | 2 |  2.0
Fighting       | |  3.1
Stealth        | |  4.6

Action                     || total
---------------------------++-------
  Melee: Spear             ||    29
 Armour: Leather armour    ||     1
  Dodge: Dodged            ||    17
